Map: Ever Dream LE

Players

Yoger

  • Race: Zerg Zerg
  • Spawn Location: 1:00

Has - Winner!

  • Race: Protoss Protoss
  • Spawn Location: 7:00

Event: DreamHack SC2 Masters 2020 Summer TwHkMoJp

VOD

Have the link to the VOD?

Description

Time

  • Played on: June 24, 2020, 8:59 a.m.
  • Length: 10:42

All games in this series

Show
View Real Time Build Order
Export as new Build Order

Yoger Zerg 

Build Orders: Pool First 

Get SALT Encoding   

  12  0:00  Drone  
  13  0:12  Overlord  
  13  0:17  Drone  
  14  0:31  Drone x2  
  16  0:41  Spawning Pool  
  15  0:44  Drone  
  15  0:49  Drone  
  17  1:09  Extractor  
  16  1:14  Hatchery  
  16  1:15  Drone  
  16  1:28  Zergling x6  
  19  1:35  Queen  
  21  1:43  Overlord  
  21  1:51  Drone  
  22  2:02  Drone  
  23  2:11  Queen  
  23  2:12  Metabolic Boost  
  25  2:16  Drone  
  26  2:31  Drone  
  27  2:39  Drone x3  
  27  2:43  Queen  
  32  2:44  Drone x3  
  35  2:51  Overlord  
  35  2:52  Drone  
  36  3:12  Drone x2  
  38  3:14  Extractor  
  37  3:21  Drone x2  
  37  3:25  Drone x2  
  40  3:30  Overlord  
  40  3:31  Drone x2  
  42  3:40  Hatchery  
  41  3:43  Zergling x4  
  41  3:44  Zergling x2  
  43  3:54  Drone x2  
  43  3:56  Drone x5  
  43  3:59  Overlord  
  47  4:04  Queen  
  47  4:06  Drone  
  47  4:14  Drone x2  
  47  4:21  Drone x2  
  49  4:26  Overlord  
  49  4:28  Drone x3  
  52  4:32  Spore Crawler  
  52  4:33  Overlord  
  51  4:41  Roach Warren  
  51  4:43  Extractor  
  51  4:44  Drone x2  
  51  4:52  Queen  
  53  4:53  Drone x2  
  53  4:58  Lair  
  55  5:00  Zergling x2  
  55  5:01  Zergling x2  
  55  5:05  Zergling x6  
  59  5:12  Drone x4  
  59  5:13  Extractor  
  62  5:14  Zergling x2  
  62  5:15  Zergling x2  
  62  5:19  Overlord  
  63  5:32  Overlord  
  63  5:33  Roach x3  
  63  5:34  Roach x2  
  73  5:42  Roach x4  
  81  5:44  Overlord  
  81  5:52  Roach x3  
  81  5:53  Roach  
  81  5:56  Spore Crawler  
  88  6:00  Glial Reconstitution  
  88  6:04  Roach x2  
  92  6:11  Overlord  
  92  6:14  Roach x3  
  96  6:19  Spine Crawler  
  90  6:29  Roach  
  90  6:30  Roach x4  
  100  6:33  Overseer  
  94  6:48  Roach x5  
  94  7:07  Roach x4  
  94  7:08  Drone x3  
  103  7:12  Extractor  
  104  7:22  Overlord x3  
  104  7:36  Overlord  
  104  7:37  Overlord  
  104  7:42  Overseer  
  103  7:57  Roach x9  
  121  8:11  Roach x2, Zergling x20  
  135  8:21  Overlord x2  
  135  8:26  Zergling x4  
  137  8:28  Ravager x3  
  137  8:32  Ravager  
  137  8:34  Zergling x10  
  145  8:42  Zergling x6  
  145  8:43  Zergling x2  
  145  8:45  Ravager  
  145  8:46  Overlord x2  
  150  8:54  Zergling x2  
  150  8:55  Zergling x2  
  147  8:56  Ravager x2  
  143  9:07  Zergling x16  
  122  9:18  Zergling x2  
  122  9:19  Zergling x4  
  104  9:29  Roach x3  
  97  9:32  Roach x4  
  105  9:39  Spire  
  105  9:40  Extractor  
  105  9:41  Roach x2  
  105  9:43  Roach  
  108  9:48  Roach x2  
  114  9:52  Ravager x2  
  114  9:59  Ravager  
  114  10:03  Roach x3  
  109  10:09  Roach x2  
  101  10:15  Roach x2  
Show
View Real Time Build Order
Export as new Build Order

Has Protoss - Winner!

Build Orders: Forge Fast Expand (FFE), Phoenix Opening, Zealot Archon 

Get SALT Encoding   

  12  0:00  Probe  
  13  0:12  Probe  
  14  0:17  Pylon  
  14  0:24  Probe  
  15  0:32  Probe  
  15  0:40  Probe  
  15  0:42  Forge  
  17  0:51  Probe  
  18  1:02  Gateway  
  18  1:03  Probe  
  19  1:15  Probe  
  19  1:17  Assimilator  
  20  1:27  Nexus  
  20  1:30  Probe  
  21  1:37  Pylon  
  21  1:44  Zealot  
  21  1:48  Cybernetics Core  
  23  1:56  Probe  
  24  2:03  Assimilator  
  24  2:08  Probe  
  24  2:14  Pylon  
  24  2:15  Adept  
  25  2:21  Probe  
  28  2:33  Warp Gate, Probe  
  28  2:36  Probe  
  30  2:44  Probe  
  30  2:45  Adept, Probe  
  34  2:53  Probe  
  34  2:57  Probe  
  36  3:04  Stargate  
  36  3:05  Probe  
  36  3:09  Probe  
  38  3:17  Probe  
  39  3:21  Probe  
  39  3:25  Probe  
  40  3:31  Pylon  
  40  3:33  Probe x2  
  42  3:40  Phoenix  
  43  3:44  Probe  
  43  3:46  Probe  
  47  3:56  Probe  
  47  3:57  Pylon  
  47  3:58  Twilight Council, Probe  
  47  3:59  Assimilator  
  49  4:08  Probe  
  50  4:10  Probe  
  47  4:18  Gateway  
  47  4:22  Probe, Robotics Facility  
  47  4:23  Gateway x2  
  49  4:24  Resonating Glaives  
  49  4:25  Adept, Assimilator  
  49  4:29  Pylon  
  50  4:36  Gateway  
  50  4:37  Gateway  
  50  4:45  Probe x2  
  50  4:50  Adept  
  54  4:54  Oracle  
  54  4:58  Probe x2  
  56  5:00  Warp Prism  
  59  5:12  Dark Shrine  
  61  5:18  Adept x4  
  69  5:23  Pylon  
  67  5:32  Adept  
  67  5:33  Probe  
  67  5:35  Pylon  
  70  5:36  Pylon  
  70  5:44  Adept x3  
  70  5:45  Adept  
  78  6:04  Adept x3  
  78  6:05  Adept x3  
  88  6:34  Dark Templar x3  
  88  6:39  Immortal  
  94  6:40  Probe x2  
  90  6:49  Blink  
  90  6:56  Probe x2  
  90  6:57  Pylon  
  90  7:00  Nexus  
  83  7:11  Forge  
  83  7:12  Dark Templar, Immortal  
  83  7:13  Pylon  
  85  7:15  Pylon  
  85  7:17  Robotics Bay  
  85  7:18  Adept, Probe x2  
  85  7:20  Archon  
  85  7:21  Archon  
  93  7:32  Probe  
  93  7:35  Pylon  
  93  7:36  Probe  
  95  7:37  Protoss Ground Weapons Level 1  
  95  7:44  Probe  
  95  7:48  Probe  
  95  7:50  Photon Cannon, Shield Battery  
  97  7:56  Probe  
  97  7:57  Disruptor  
  98  8:00  Sentry x3, Probe  
  98  8:02  Pylon  
  108  8:08  Assimilator x2, Probe  
  108  8:12  Probe  
  106  8:26  Shield Battery, Probe x2  
  108  8:28  Shield Battery  
  108  8:30  Disruptor  
  108  8:31  Gateway  
  111  8:34  Stalker x4  
  111  8:39  Stalker  
  119  8:57  Disruptor  
  119  8:58  Zealot x3  
  125  9:05  Stalker x3  
  126  9:22  Probe x2  
  126  9:23  Probe  
  123  9:32  Stalker x2  
  123  9:33  Stalker x5  
  137  9:38  Pylon  
  137  9:40  Pylon  
  137  9:42  Pylon  
  137  9:44  Pylon  
  137  9:56  Stalker x5  
  137  9:57  Stalker  
  146  10:10  Probe  
  146  10:11  Probe  
Tags
 
Add a new tag
Caveats
  • Supply blocks, unpowered buildings, or Contaminate may cause inaccurate times.
  • Supply counts are checked every 10 seconds.